Cogmind - Beta 13 @@@ ROGUE MODE // 2024.04.17 @ 01:59:19 Player: Nebula avali Result: Destroyed by G-47 Trooper with Particle Gun Performance ------------- Evolutions (1) 500 Regions Visited (3) 600 Robots Destroyed (24) 120 Value Destroyed (509) 509 Prototype IDs (0) 0 Alien Tech Used (0) 0 Bonus (21) 21 TOTAL SCORE: 1750 Bonus ------- Follower Combat Kills 77 Friendly Fire -56 Cogmind --------- Core Integrity 0/400 Matter 300/300 Energy 100/100 System Corruption 0% Temperature Cool (9) Movement Core (50) Location -9/Mines Parts ------- > --- POWER (1) -------- (None) > --- PROPULSION (2) --- (None) > --- UTILITY (4) ------ Signal Interpreter Melee Analysis Suite > --- WEAPON (2) ------- Maul > --- INVENTORY (5) ---- Ion Engine Aluminum Leg Improved Aluminum Leg Wheel Peak State ------------ > --- POWER ------------ Ion Engine > --- PROPULSION ------- Aluminum Leg Makeshift Leg > --- UTILITY ---------- Signal Interpreter Melee Analysis Suite > --- WEAPON ----------- Maul > --- INVENTORY -------- Ion Engine Aluminum Leg Improved Aluminum Leg [Rating: 12] Favorites ----------- Power Ion Engine Engine Ion Engine Propulsion Aluminum Leg Leg Aluminum Leg Hover Unit Hover Unit Utility Signal Interpreter Storage Small Storage Unit Processor Signal Interpreter Weapon Light Cannon Energy Gun EM Pulse Gun Ballistic Gun Assault Rifle Ballistic Cannon Light Cannon Launcher Rocket Launcher Impact Weapon Maul Build | -11 -10 -9 -9 ------- Run | Yrd Mat Mat Min Slots Evolved 2 | . . 2 . Power . | . . . . Propulsion . | . . . . Utility 2 | . . 2 . Weapon . | . . . . Parts Attached 16 | . 8 . 8 Power 1 | . . . 1 Engine 1 | . . . 1 Core . | . . . . Reactor . | . . . . Propulsion 6 | . 2 . 4 Treads . | . . . . Leg 4 | . . . 4 Wheel . | . . . . Hover 2 | . 2 . . Flight . | . . . . Utility 2 | . 1 . 1 Device . | . . . . Storage . | . . . . Processor 2 | . 1 . 1 Hackware . | . . . . Protection . | . . . . Artifact . | . . . . Weapon 7 | . 5 . 2 Energy Gun . | . . . . Energy Cannon . | . . . . Ballistic Gun . | . . . . Ballistic Cannon 2 | . 2 . . Launcher 4 | . 2 . 2 Special Weapon . | . . . . Impact Weapon 1 | . 1 . . Slashing Weapon . | . . . . Piercing Weapon . | . . . . Special Melee Weapon . | . . . . Unidentified Prototypes . | . . . . Parts Lost 6 | . . . 6 Power 1 | . . . 1 Propulsion 4 | . . . 4 Utility . | . . . . Weapon 1 | . . . 1 Highest Loss Streak 3 | . . . 3 To Critical Strikes . | . . . . Average Slot Usage (%) 64 | . 82 66 47 Engine 11 | . 14 11 9 Leg 11 | . 18 . 7 Hover 7 | . 9 22 4 Storage 4 | . 9 . . Processor 8 | . 2 11 13 Ballistic Cannon 9 | . 21 . . Launcher 2 | . 2 11 2 Impact Weapon 6 | . 1 11 11 Naked Turns . | . . . . Heaviest Build 16 | 14 16 12 12 Greatest Support 30 | 20 20 12 30 Greatest Overweight (x) 2 | . 2 . 2 Average Overweight (x) . | . . . . Largest Inventory Capacity 8 | . 8 5 5 Average Capacity 5 | . 7 5 5 Most Carried 8 | . 8 1 4 Average Carried 3 | . 5 1 1 Final Capacity 8 | 8 5 5 5 Final Carried 6 | 6 1 1 4 Class Distribution -------------------- 100% | Mutant Dominant Class ---------------- Mutant | -10/Materials Mutant | -9/Materials Mutant | -9/Mines Resources | -11 -10 -9 -9 ----------- Run | Yrd Mat Mat Min Matter Collected 583 | 179 93 18 293 Remotely . | . . . . Salvage Created 545 | . 220 18 307 Parts 32 | . 18 3 11 Haulers Intercepted . | . . . . Recyclers Shooed . | . . . . Parts Field Recycled . | . . . . Retrieved Matter . | . . . . Parts Self-Destructed . | . . . . Prevented . | . . . . Kills | -11 -10 -9 -9 ------- Run | Yrd Mat Mat Min Combat Hostiles Destroyed 18 | . 10 . 8 Melee 3 | . . . 3 Cannons 9 | . 9 . . AOE 1 | . . . 1 Classes Destroyed 8 | . 4 . 4 Worker 2 | . . . 2 Builder 1 | . . . 1 Recycler 1 | . 1 . . Watcher 2 | . 1 1 . Swarmer 9 | . 9 . . Grunt 5 | . 1 . 4 Duelist 3 | . . . 3 Demolisher 1 | . . . 1 Best Kill Streak 5 | . 5 1 3 Combat Bots Only 3 | . 3 . 3 Max Kills in Single Turn 1 | . 1 1 1 Gunslinging . | . . . . Exploded 1 | . . . 1 Melee 1 | . . . 1 Uniques/NPCs Destroyed . | . . . . Combat | -11 -10 -9 -9 -------- Run | Yrd Mat Mat Min Hostile Shots Fired 79 | . 41 4 34 Missed 25 | . 15 1 9 Damage Taken 1120 | . 235 42 843 Core 466 | . 51 . 415 Absorbed by Shields . | . . . . Core Remaining (%) 89 | 100 79 . . Volleys Fired 27 | . 21 . 6 Largest 2 | . 2 . 1 Hottest 70 | . 70 . 33 Shots Fired 48 | . 42 . 6 Gun . | . . . . Cannon 42 | . 42 . . Launcher 6 | . . . 6 Special . | . . . . Kinetic 42 | . 42 . . Thermal . | . . . . Explosive 6 | . . . 6 Electromagnetic . | . . . . Robot Hit Streak 4 | . 4 . 1 Robot Miss Streak 3 | . 3 . 2 Penetration Max . | . . . . Secondary Targets . | . . . . Shots Hit Robots 30 | . 14 1 15 Core Hits 22 | . 13 1 8 Critical Kills . | . . . . Critical Parts Destroyed 6 | . 1 . 5 Critical Strikes 8 | . 3 . 5 Blast 2 | . 2 . . Smash 6 | . 1 . 5 Melee Attacks 31 | . 4 1 26 Impact 31 | . 4 1 26 Slashing . | . . . . Piercing . | . . . . Sneak Attacks 1 | . . . 1 Combat Hostiles . | . . . . Follow-up Attacks . | . . . . Damage Inflicted 1216 | . 339 53 824 Guns . | . . . . Cannons 266 | . 266 . . Explosions 212 | . . . 212 Melee 706 | . 41 53 612 Ramming 32 | . 32 . . Kinetic 266 | . 266 . . Thermal . | . . . . Explosive 212 | . . . 212 Electromagnetic . | . . . . Impact 706 | . 41 53 612 Slashing . | . . . . Piercing . | . . . . Highest Corruption 2 | . 2 . . Average Corruption 2 | . 2 . . Corruption Purged . | . . . . Corruption Blocked . | . . . . Effects 5 | . 5 . . Message Errors 1 | . 1 . . Matter Fused 3 | . 3 . . Data Loss (minor) 1 | . 1 . . Overload Shots . | . . . . Overflow Damage 336 | . 41 . 295 Projectiles . | . . . . Explosions 6 | . . . 6 Melee 330 | . 41 . 289 Knockbacks 6 | . 3 . 3 Impact 4 | . 1 . 3 Kinetic 2 | . 2 . . Secondary . | . . . . Self-Inflicted Damage 90 | . 6 . 84 Shots 3 | . . . 3 Rammed 3 | . 3 . . Targets Rammed 7 | . 7 . . Kicked 4 | . 4 . . Crushed . | . . . . Highest Temperature 36 | . 36 8 2 Average Temperature 15 | . 15 8 2 Received Heat Transfer 159 | . 54 36 69 Siege Activations . | . . . . Robots Corrupted . | . . . . Combat Hostiles . | . . . . Parts Fried 6 | . . . 6 Impact Corruptions 13 | . 1 . 12 Robots Melted . | . . . . Combat Hostiles . | . . . . Parts Melted . | . . . . Heat Transferred . | . . . . Parts Sabotaged . | . . . . Parts Stolen . | . . . . Parts Stripped . | . . . . Power Chain Reactions . | . . . . Alert | -11 -10 -9 -9 ------- Run | Yrd Mat Mat Min Peak Influence 306 | . 306 116 255 Initial 64 | . . 64 45 Average 138 | . 108 94 173 Maximum Alert Level 1 | . 1 . 1 Low Security (%) 68 | . 81 100 51 Level 1 31 | . 18 . 48 Level 2 . | . . . . Level 3 . | . . . . Level 4 . | . . . . Level 5 . | . . . . High Security . | . . . . Max Security . | . . . . Squads Dispatched 5 | . 2 2 1 Investigation . | . . . . Extermination . | . . . . Reinforcement 4 | . 2 2 . Assault 1 | . . . 1 Garrison . | . . . . Intercept . | . . . . Searches Triggered . | . . . . Construction Impeded . | . . . . Haulers Reinforced . | . . . . Active Scanning Responses . | . . . . Cargo Convoy Interrupts . | . . . . Stealth | -11 -10 -9 -9 --------- Run | Yrd Mat Mat Min Distress Signals 1 | . 1 . . Communications Jammed . | . . . . Distress Signals . | . . . . Times Spotted 39 | . 17 3 19 Peak Tracking Total 4 | . 4 2 4 Tactical Retreats 4 | . 1 . 3 Traps | -11 -10 -9 -9 ------- Run | Yrd Mat Mat Min Traps Triggered 1 | . 1 . . Indirectly . | . . . . Trap Hack Attempts . | . . . . Triggered . | . . . . Disarmed . | . . . . Reprogrammed . | . . . . Reused . | . . . . Traps Extracted . | . . . . Installed . | . . . . Triggered . | . . . . Machines | -11 -10 -9 -9 ---------- Run | Yrd Mat Mat Min Machines Disabled 1 | . 1 . . Max in Single Turn 1 | . 1 . . Machines Repaired . | . . . . Machines Dismantled . | . . . . Machines Sabotaged . | . . . . Overloaded Fab Kills . | . . . . Hacking | -11 -10 -9 -9 --------- Run | Yrd Mat Mat Min Machines Accessed 4 | . 2 1 1 Terminals 4 | . 2 1 1 Fabricators . | . . . . Repair Stations . | . . . . Recycling Units . | . . . . Scanalyzers . | . . . . Garrison Access . | . . . . Total Hacks 12 | . 4 4 4 Successful 4 | . 2 . 2 Failed 8 | . 2 4 2 Catastrophic 4 | . 1 2 1 Database Lockouts . | . . . . Manual 13 | . 4 5 4 Terminals 12 | . 4 4 4 Fabricators . | . . . . Repair Stations . | . . . . Recycling Units . | . . . . Scanalyzers . | . . . . Garrison Access . | . . . . Terminal Hacks 2 | . 1 . 1 Level Access Points 1 | . 1 . . Zone Layout 1 | . . . 1 Fabricator Hacks . | . . . . Repair Station Hacks . | . . . . Recycling Unit Hacks . | . . . . Scanalyzer . | . . . . Garrison Access Hacks . | . . . . Unauthorized Hacks 2 | . 1 . 1 Terminals 2 | . 1 . 1 Botnet 2 | . 1 . 1 Fabricators . | . . . . Repair Stations . | . . . . Recycling Units . | . . . . Scanalyzers . | . . . . Garrison Access . | . . . . Data Cores Recovered . | . . . . Used . | . . . . Hacking Detections 3 | . 1 1 1 Full Trace Events 2 | . 1 1 . Feedback Events . | . . . . Feedback Blocked . | . . . . Robot Schematics Acquired . | . . . . Robots Built . | . . . . Authchips . | . . . . Time . | . . . . Total Robot Build Rating . | . . . . Part Schematics Acquired . | . . . . Parts Built . | . . . . Authchips . | . . . . Time . | . . . . Total Part Build Rating . | . . . . Parts Repaired . | . . . . Time . | . . . . Parts Recycled . | . . . . Recycled Matter . | . . . . Retrieved Matter . | . . . . Retrieved Components . | . . . . Parts Scanalyzed . | . . . . Part Schematics Acquired . | . . . . Parts Damaged . | . . . . Bothacking | -11 -10 -9 -9 ------------ Run | Yrd Mat Mat Min Used RIF Installer . | . . . . Robots Hacked . | . . . . Non-combat . | . . . . Combat . | . . . . Robot Hacks Applied . | . . . . Relay Couplers Released . | . . . . Fabnet Peak Effective % . | . . . . Robots Rewired . | . . . . Allies Hacked . | . . . . Hacks Repelled . | . . . . Allies | -11 -10 -9 -9 -------- Run | Yrd Mat Mat Min Total Allies 3 | . . . 3 Largest Group 2 | . . . 2 Highest-Rated Group 45 | . . . 45 Highest-Rated Ally 31 | . . . 31 Total Orders . | . . . . Ally Attacks 18 | . . . 18 Total Damage 294 | . . . 294 Kills 3 | . . . 3 Allies Corrupted . | . . . . Allies Melted . | . . . . Intel | -11 -10 -9 -9 ------- Run | Yrd Mat Mat Min Robot Analysis Total . | . . . . Derelict Logs Recovered 1 | . . . 1 Drone Launches . | . . . . Drone Recoveries . | . . . . Exploration | -11 -10 -9 -9 ------------- Run | Yrd Mat Mat Min Turns Passed 1106 | . 492 81 533 Spaces Moved 1036 | 1 443 140 452 Core 114 | . . . 114 Treads . | . . . . Legs 410 | 1 213 . 196 Wheels . | . . . . Hover 512 | . 230 140 142 Flight . | . . . . Fastest Speed 50 | 120 56 56 50 Average Speed 84 | 120 88 56 89 Slowest Speed 190 | 120 180 56 190 Overloaded Moves . | . . . . Propulsion Burnouts . | . . . . Robots Hopped . | . . . . Cave-ins Triggered . | . . . . Exploration Rate (%) 40 | 2 57 20 83 Regions Visited 3 Branch Regions 1 Pre-discovered Areas . | . . . . Known Exits Taken 2 | . 1 1 . Unknown Exits Taken 1 | 1 . . . Scrap Searched 1 | . . . 1 Spaces Dug 6 | . 2 . 4 Terrain Destroyed 62 | . 2 . 60 Melee 6 | . 2 . 4 Projectile . | . . . . AOE 56 | . . . 56 Terrain Rammed . | . . . . Walls Destroyed . | . . . . Machines Disabled . | . . . . Actions | -11 -10 -9 -9 --------- Run | Yrd Mat Mat Min Total 1156 | . 497 140 519 Wait 25 | . . . 25 Move 1033 | . 442 139 452 Hop . | . . . . Pick Up 1 | . . . 1 Fast Attach 11 | . 8 . 3 Attach 2 | . . . 2 Detach 6 | . 5 . 1 Swap 3 | . . . 3 Drop 10 | . 10 . . Fire 27 | . 21 . 6 Melee 31 | . 4 1 26 Ram 3 | . 3 . . Kick 4 | . 4 . . Crush . | . . . . Escape Stasis . | . . . . Rewire . | . . . . Trap . | . . . . Miscellaneous . | . . . . Route ------- -11/Scrapyard -10/Materials (discovered 4 exits: *Mat x3 / [*Min]) -9/Materials -9/Mines (discovered 3 exits: *Mat x2 / *Zio) History --------- Turn | Location | Event 1 | -11/Scrapyard | Discovered new exit (range 0) 1 | -11/Scrapyard | Entered Materials 128 | -10/Materials | Discovered new exit (range 13) 130 | -10/Materials | Identified exit to Materials 314 | -10/Materials | Build established: Mutant 493 | -10/Materials | Entered another Materials area 493 | -9/Materials | Evolved 2 slots: Utility x2 537 | -9/Materials | Discovered new exit (range 15) 545 | -9/Materials | Identified exit to Mines 574 | -9/Materials | Entered Mines 740 | -9/Mines | Assembled infested the area 745 | -9/Mines | Assisted by a Guerilla fighting off Assembled 849 | -9/Mines | Discovered new exit (range 5) 853 | -9/Mines | Identified exit to Materials 873 | -9/Mines | A Derelict revealed a hidden shortcut to a safe place 879 | -9/Mines | Learned location of 1 exit from Materials 890 | -9/Mines | Identified exit to Zion 1025 | -9/Mines | Core integrity fell below 50% 1034 | -9/Mines | Core integrity fell below 20% 1039 | -9/Mines | Discovered exit to Materials (range 10) 1040 | -9/Mines | Met a Derelict testing a Signal Generator 1066 | -9/Mines | Lost 3 parts (1p2n) 1107 | -9/Mines | Destroyed by G-47 Trooper with Particle Gun Last Messages --------------- 01045_ 5Z-EHX(g): "Okay, I guess that means it works. Now let's get out of here!" 01045_ Signal Generator broadcasts a burst of procedurally generated transmissions. 01045_ ALERT: Intercepting significant anomalous signal. Redirecting assault force. 01047_ Signal Generator broadcasts a burst of procedurally generated transmissions. 01047_ ALERT: Intercepting significant anomalous signal. Redirecting assault force. 01047_ Signal Generator's internal power supply exhausted. 01047_ The unstable cave ceiling collapses. 01050_ U-05 Engineer builds a Wall. 01075_ C-30 ARC: "LOCATED POTENTIAL SOURCE OF ANOMALOUS SIGNAL. NEUTRALIZING." 01075_ C-30 ARC bursts open, deploying its payload. 01075_ M-13 Machinist unfolds itself. 01101_ G-47 Trooper suffers critical hit (Smash). 01101_ Destroyed Aluminum Leg. 01101_ G-47 Trooper system corrupted by crushing effect. Map ----- +----------------------------------------------------+ | | | | | | | | | | | | | | | | | | | | | | | | | | | ????????????????????????????? | | ????????????????????????????? | | ???###???#####??????????????? | | ??## #### ##?????????????? | | ?## #?????????????? | | ?# ###?????????????? | | ?# ##???????????????? | | ?## #????????????????? | | ??# ## #= #????????????????? | | ??# #####% #????????????????? | | ??# #???# *#????????#####???? | | ??# #####%%#????????# ##?? | | ??# @ g #?????????# ## | | ??#g#### ####???????# | | ??# #??# #????????# | | ??# #?## ##???????# | | ??# ### % ##???????# | | ??# ## " ##??????#### | | ??### ### #?????????# | | ????# #?#### #?????????## | | ????# #????## ##??????????# | | ????# #####?# #??????????? | | ????# ## % ## #?????????? | | ????# ##? #?????????? | | ????# ##???#?????????? | | ???# # " ##??????????????? | | ???### "%###??????????????? | | ???# ## ## #??????????????? | | ??## ## #??????????????? | | ?## ## ## #???????????#### | | ?# # # ##?????????## | | ?# # ## ##?###????# | | ?## ## ## ##???# | | ???# ## #???## | | ???### = #????## | | ?????## = #?????## | | ??????## ##??????# | +----------------------------------------------------+ Best States ------------- Heat Dissipation 28 Energy Generation 10 Energy Capacity 250 Matter Stores 300 Matter Capacity 300 Sight Range 16 Terrain Scan Density 10 Evasion (%) 55 Melee Accuracy 5 Item Schematics ----------------- None Robot Schematics ------------------ None Fabricated ------------ Nothing Alien Tech Used ----------------- None Achievements -------------- None Challenges ------------ None Game ------ Seed frogmind Manual? 1 Play Time 00:10:24 Cumulative 41.8 hours Start 2024.04.17 @ 01:50:03 End 2024.04.17 @ 01:59:19 Sessions 1 Manual Loads 0 Difficulty Rogue Special Mode None Game No. 63 Rogue 62 Adventurer 1 Explorer 0 Win Type - Total 2 Types 2/0/0/0/0/0/0/0/0 Lore% 26 Gallery% 47 Achievement% 39 Wizard Run 0 Options --------- Layout 0 ASCII 0 Keyboard 0 Movement Numpad Keybinds 0 Fullscreen 1 Font 18/SmallcapsGlow Map View 76x50 Zoom Use 0% Tactical HUD 1 Map Filters NONE Filters NONE Steam 1 RUN: 2c0e1b6c-d44d-4045-b914-cefcebc1897d